Map: Coda LE

Players

Kantuva

  • Race: Zerg Zerg
  • Spawn Location: 11:00

ILUSIONCLOCK - Winner!

  • Race: Zerg Zerg
  • Spawn Location: 5:00

VOD

Have the link to the VOD?

Description

Time

  • Played on: April 1, 2015, 12:09 a.m.
  • Length: 4:27
Show
View Real Time Build Order
Export as new Build Order

Kantuva Zerg 

Build Orders: Pool First, Zergling Baneling 

Get SALT Encoding   

  12  0:01  Drone  
  13  0:13  Overlord  
  13  0:20  Drone  
  14  0:22  Extractor  
  14  0:26  Drone  
  14  0:43  Spawning Pool  
  14  0:45  Drone  
  14  0:50  Drone  
  14  0:55  Drone  
  16  1:03  Drone  
  17  1:12  Overlord  
  17  1:30  Metabolic Boost  
  17  1:31  Queen  
  19  1:40  Zergling x4  
  19  1:43  Zergling x2  
  22  1:56  Baneling Nest  
  22  1:57  Zergling x2  
  22  2:03  Zergling x2  
  23  2:16  Overlord  
  23  2:28  Zergling x2  
  24  2:35  Zergling x2  
  25  2:46  Baneling x4  
  25  2:48  Zergling x8  
  29  3:03  Drone  
  28  3:12  Zergling x2  
  28  3:13  Zergling x8  
  29  3:27  Hatchery  
  26  3:42  Baneling x4  
  26  3:53  Drone x2  
  26  3:54  Drone x4  
  26  4:00  Zergling x2  
  26  4:08  Zergling x2  
  26  4:15  Spine Crawler  
Show
View Real Time Build Order
Export as new Build Order

ILUSIONCLOCK Zerg - Winner!

Build Orders: Hatch First, Zergling Baneling 

Get SALT Encoding   

  12  0:08  Overlord  
  12  0:16  Drone  
  12  0:19  Drone  
  14  0:26  Drone  
  15  0:33  Drone  
  16  0:51  Hatchery  
  16  0:55  Drone  
  16  0:58  Extractor  
  16  0:59  Drone  
  16  1:15  Spawning Pool  
  16  1:18  Drone  
  16  1:24  Drone  
  17  1:27  Drone  
  18  1:39  Drone  
  19  2:01  Drone  
  20  2:03  Queen x2  
  20  2:05  Metabolic Boost  
  20  2:07  Zergling x2  
  25  2:15  Drone  
  25  2:17  Overlord  
  26  2:23  Zergling x2  
  26  2:25  Zergling x2  
  28  2:32  Baneling Nest  
  28  2:34  Zergling x2  
  28  2:37  Zergling x2  
  28  2:40  Zergling x2  
  30  2:46  Drone x2  
  32  2:54  Zergling x2  
  33  2:59  Overlord  
  33  3:02  Zergling x2  
  33  3:04  Spine Crawler  
  33  3:12  Zergling x6  
  31  3:18  Zergling x2  
  31  3:19  Zergling x2  
  30  3:29  Drone x3  
  33  3:35  Zergling x4  
  36  3:41  Baneling x3  
  36  3:45  Zergling x6  
  36  3:47  Baneling x2  
  39  3:52  Zergling x6  
  39  4:03  Baneling x3  
  39  4:08  Zergling x8  
Tags
 
Add a new tag
Caveats
  • Supply blocks, unpowered buildings, or Contaminate may cause inaccurate times.
  • Supply counts are checked every 10 seconds.